 Dungeon Crawl Stone Soup version 0.27.0-1-g7a089689b8 (webtiles) character file.

Game seed: 16229757400751489900

493 Sin92 the Skirmisher (level 6, -4/48 HPs)
             Began as a Demonspawn Fighter on Aug 5, 2021.
             Slain by a gnoll shaman (8 damage)
             ... on level 4 of the Dungeon.
             The game lasted 00:03:50 (3808 turns).

Sin92 the Skirmisher (Demonspawn Fighter)           Turns: 3808, Time: 00:03:50

Health: -4/48      AC:  9    Str: 17    XL:     6   Next: 92%
Magic:  6/6        EV:  5    Int:  9    God:
Gold:   1384       SH:  9    Dex: 14    Spells: 5/5 levels left

rFire    + . .     SeeInvis .   a - +0 war axe
rCold    + + .     Faith    .   c - +0 kite shield
rNeg     . . .     Spirit   .   g - +0 chain mail
rPois    .         Reflect  .   (helmet restricted)
rElec    .         Harm     .   f - scarf {rC+ rF+}
rCorr    .         Rampage  .   (no gloves)
Will     .....                  (no boots)
Stlth    ..........             (no amulet)
HPRegen  0.16/turn              h - ring of protection from cold
MPRegen  0.10/turn              (no ring)

@: mighty
A: antennae 2, hooves 2
a: no special abilities


You were on level 4 of the Dungeon.
You visited 1 branch of the dungeon, and saw 4 of its levels.
You also visited: Sewer.

You collected 1384 gold pieces.

Inventory:

Hand Weapons
 a - a +0 war axe (weapon)
Armour
 b - a +0 scale mail
 c - a +0 kite shield (worn)
 f - a scarf of resistance (worn)
 g - a +0 chain mail (worn)
Jewellery
 h - a ring of protection from cold (left hand)
Scrolls
 e - 3 scrolls of identify
 l - 2 scrolls of enchant weapon {unknown}
 m - a scroll of enchant armour {unknown}
 n - a scroll of fear {unknown}
 p - a scroll of fog
Potions
 i - a potion of degeneration {unknown}
 j - 2 potions of curing {unknown}
 k - 2 potions of mutation {unknown}
 o - a potion of cancellation {unknown}
 q - 2 potions of brilliance {unknown}


   Skills:
 + Level 4.2 Fighting
 * Level 4.2 Axes
 + Level 3.7 Armour
 + Level 2.3 Dodging
 + Level 3.7 Shields


You had 5 spell levels left.
You didn't know any spells.
Your spell library contained the following spells:

 Spells                   Type           Power      Damage    Failure   Level
 Magic Dart               Conj           0%         1d3       100%        1
 Call Imp                 Summ           0%         N/A       100%        2
 Ensorcelled Hibernation  Hex/Ice        0%         N/A       100%        2
 Mephitic Cloud           Conj/Pois/Air  0%         N/A       100%        3
 Spider Form              Tmut/Pois      0%         N/A       100%        3
 Shadow Creatures         Summ           N/A        N/A       100%        6


Dungeon Overview and Level Annotations

Branches:
Dungeon (4/15)              Sewer (visited)
 Temple: D:4-7

Altars:

Shops:
D:1 ?


Innate Abilities, Weirdness & Mutations

You have a pair of antennae on your head.
You have hoof-like feet.


Message History

The gnoll shaman calls upon its god to speed up something.
The gnoll shaman calls upon its god to heal the gnoll.
The gnoll's wounds heal themselves!
You feel very mighty all of a sudden. The gnoll barely misses you.
You slash the gnoll!
You kill the gnoll!
The gnoll hits you but does no damage.
The gnoll shaman hits you but does no damage.
You block the gnoll's attack.
Things that are here:
a +0 whip; a gnoll corpse You barely miss the gnoll.
You kick the gnoll!
The gnoll is heavily wounded.
You hit the gnoll. You barely miss the gnoll shaman.
The gnoll hits you with a +0 spear. The gnoll barely misses you.
You block the gnoll shaman's attack. The gnoll hits you with a +0 club.
You block the gnoll's attack.
Unknown command.
You slash the gnoll!
You kill the gnoll!
You hit the gnoll shaman. You completely miss the gnoll.
You block the gnoll shaman's attack. You block the gnoll's attack.
The gnoll shaman hits you with a +0 club.
You slash the gnoll!
The gnoll is almost dead.
You closely miss the gnoll shaman. The gnoll hits you with a +0 club.
The gnoll shaman calls upon its god to speed up the gnoll.
The gnoll seems to speed up.
The gnoll hits you but does no damage.
You slice the gnoll!!
You kill the gnoll!
You hit the gnoll shaman.
The gnoll shaman hits you with a +0 club!
* * * LOW HITPOINT WARNING * * *
The gnoll shaman hits you with a +0 club.
* * * LOW HITPOINT WARNING * * *
You slash the gnoll shaman!
The gnoll shaman is severely wounded.
The gnoll shaman hits you with a +0 club!
You die...

#
#......#.........#
#
#......#.........#
#
#......#.........#
#
##'##..#.........#
##
###.##+#########'##
.#
+........+.......#
.#
#........#.......#
##
##..####.##..##..#
#..####@##..##..#
#.....))g.......#
#...............#
#...............#
#...............#
#...............#
########..####..#
.......#..####..#
.....g.#...'....#


You could see a gnoll shaman.

Vanquished Creatures
  An ogre (D:4)
  A phantom (D:3)
  Blork the orc (D:4)
  A hound (D:4)
  An iguana (D:4)
  3 gnolls (D:4)
  5 adders
  6 river rats (Sewer)
  An adder skeleton (D:4)
  3 worms
  3 orcs (D:3)
  2 endoplasms
  2 giant cockroaches (D:3)
  3 goblins
  4 hobgoblins
  10 jackals
  2 quokkas
  10 ball pythons
  2 bats
  6 frilled lizards
  7 kobolds
  16 rats
90 creatures vanquished.

Vanquished Creatures (others)
  5 plants (D:1)
5 creatures vanquished.

Grand Total: 95 creatures vanquished

Notes
Turn   | Place    | Note
-------+----------+-------------------------------------------
     0 | D:1      | Sin92 the Demonspawn Fighter began the quest for the Orb.
     0 | D:1      | Reached XP level 1. HP: 18/18 MP: 1/1
     1 | D:1      | Noticed an electric eel
    22 | D:1      | Found Buwogg's Magic Scroll Shoppe.
   799 | D:2      | Gained mutation: You have large cloven feet. [demonic
                  | ancestry]
   799 | D:2      | Reached XP level 2. HP: 24/24 MP: 2/2
  1172 | D:2      | Gained mutation: You have a pair of small antennae on your
                  | head. [demonic ancestry]
  1172 | D:2      | Reached XP level 3. HP: 17/29 MP: 3/3
  1899 | D:3      | Noticed a phantom
  1925 | D:3      | Killed a phantom
  1926 | D:3      | Reached skill level 1 in Dodging
  1926 | D:3      | Gained mutation: You have hoof-like feet. [demonic
                  | ancestry]
  1926 | D:3      | Reached XP level 4. HP: 29/35 MP: 4/4
  1929 | D:3      | Found a glowing drain.
  1947 | Sewer    | Entered a sewer
  1990 | Sewer    | Reached XP level 5. HP: 27/41 MP: 5/5
  2508 | D:3      | Identified a scroll of acquirement
  2508 | D:3      | Acquired 1219 gold pieces
  3016 | D:3      | Found a faded altar of an unknown god.
  3107 | D:4      | Gained mutation: You have a pair of antennae on your head.
                  | [demonic ancestry]
  3107 | D:4      | Reached XP level 6. HP: 37/48 MP: 6/6
  3286 | D:4      | Noticed Blork the orc
  3294 | D:4      | Killed Blork the orc
  3808 | D:4      | Slain by a gnoll shaman

Illustrated notes

Levels and vault maps discovered:
D:1:      arrival_aquarium_a, layout_loops_ring, serial_shops,
          nicolae_shop_competitors_out_of_business, serial_bayou_lagoon_a
D:2:      layout_loops_ring
D:3:      layout_rooms, shapermc_ecumenical_altar_rom_forum,
          portal_sewer_entry_b, amcnicky_mini_pool_small
D:4:      layout_gridville, guppyfry_early_orc_mine, uniq_menkaure,
          uniq_blork_the_orc

Skill      XL: |  1  2  3  4  5  6 |
---------------+-------------------+-----
Axes           | 2 3 4 |  4.2
Armour         | 3 |  3.7
Shields        | 3 |  3.7
Dodging        | 1 2 |  2.3
Fighting       | 4 |  4.2

Action                   |  1- 3 |  4- 6 || total
-------------------------+-------+-------++-------
Melee: War axe           |   107 |   164 ||   271
       Kick              |    19 |    52 ||    71
  Use: Scroll            |     2 |     2 ||     4
       Potion            |     2 |     2 ||     4
 Stab: Distracted        |       |     2 ||     2
Armor: Scale mail        |     5 |       ||     5
       Chain mail        |    67 |    90 ||   157
Dodge: Dodged            |    17 |    46 ||    63
Block: Kite shield       |    67 |   102 ||   169
